 Dungeon Crawl Stone Soup version 0.31-a0-728-g01b46875f1 (webtiles) character file.

Game seed: 14642882448817222202

3070 cforsyth the Fighter (level 10, -1/80 HPs)
             Began as a Djinni Chaos Knight on Sept 12, 2023.
             Was an Initiate of Hepliaklqana.
             Slain by a warg (10 damage)
             ... on level 9 of the Dungeon.
             The game lasted 00:22:40 (10476 turns).

cforsyth the Fighter (Djinni Chaos Knight)         Turns: 10476, Time: 00:22:41

Health: -1/80      AC:  7    Str: 11    XL:     10   Next: 12%
Gold:   334        EV: 12    Int: 16    God:    Hepliaklqana [......] SH:  0 Dex: 21

rFire   + + .        A - +2 spear
rCold   . . .        (no shield)
rNeg    . . .        b - +2 leather armour
rPois   ∞            (helmet restricted)
rElec   .            E - +1 cloak
rCorr   .            (no gloves)
SInv    .            (boots unavailable)
Will    +....        (no amulet)
Stlth   +++          g - +6 ring of dexterity
HPRegen 0.33/turn    C - ring of protection from cold
MPRegen 0.00/turn

%: random rage (3%), infuse magic (-2 HP)
@: flying
A: sickness immunity, fire resistance 2, cold vulnerability 1, float, innate
caster, HP casting, extra vitality 1, antennae 1, thin skeletal structure 1,
berserk 1, dopey 1, sense surroundings 1, devolution 1
a: Renounce Religion


You were on level 9 of the Dungeon.
You worshipped Hepliaklqana.
Hepliaklqana was noncommittal.
You visited 1 branch of the dungeon, and saw 9 of its levels.

You collected 334 gold pieces.

Inventory:

Hand Weapons
 a - a +0 falchion of chaos
 k - a +1 falchion of freezing
 x - a +4 halberd
 y - a +3 short sword
 A - a +2 spear (weapon)
 H - a +2 long sword of flaming
Armour
 b - a +2 leather armour (worn)
 m - a +0 helmet
 E - a +1 cloak (worn)
Jewellery
 g - a +6 ring of dexterity (left hand)
 C - a ring of protection from cold (right hand)
Wands
 s - a wand of paralysis (16)
 v - a wand of flame (13)
Scrolls
 d - 10 scrolls of identify {unknown}
 f - a scroll of blinking
 l - 3 scrolls of teleportation {unknown}
 o - a scroll of enchant armour
 p - 2 scrolls of butterflies
 u - a scroll of revelation
Potions
 h - 2 potions of might {unknown}
 i - 2 potions of magic {unknown}
 j - 5 potions of invisibility {unknown}
 r - a potion of cancellation {unknown}
 t - a potion of haste {unknown}
 D - a potion of curing {unknown}
 G - a potion of brilliance {unknown}


   Skills:
 + Level 10.0 Fighting
 - Level 2.6 Long Blades
 - Level 1.0 Armour
 - Level 2.1 Dodging
 + Level 7.0 Spellcasting
 + Level 7.0 Conjurations
 + Level 7.0 Hexes
 + Level 7.0 Summonings
 + Level 7.0 Necromancy
 + Level 7.0 Translocations
 + Level 7.0 Transmutations
 + Level 7.0 Fire Magic
 + Level 7.0 Ice Magic
 + Level 7.0 Air Magic
 + Level 7.0 Earth Magic
 + Level 7.0 Poison Magic


You knew the following spells:

 Your Spells              Type           Power      Damage    Failure   Level
a - Slow                  Hex            100%       N/A       1%          1
b - Call Imp              Summ           56%        N/A       1%          2
c - Poisonous Vapours     Pois/Air       56%        N/A       1%          2
d - Dazzling Flash        Conj/Hex       56%        N/A       2%          3
Your spell library was empty.

Dungeon Overview and Level Annotations

Branches:
Dungeon (9/15)             Temple (0/1) D:4            Lair (0/5) D:9
    Orc (0/2) D:9

Altars:
Dithmenos
Gozag
Hepliaklqana
Qazlal
Trog
Xom

Shops:
D:1 (   D:4 *   D:6 =   D:7 (

Annotations:
D:4 Dowan, Duvessa
D:7 3 runed translucent doors, Battleaxe07's ghost, novice TrGl
D:8 Gastronok


Innate Abilities, Weirdness & Mutations

You are immune to sickness and miasma.
You are immune to poison.
Your flesh is very heat resistant. (rF++)
You are vulnerable to cold. (rC-)
You float through the air rather than walking.
You learn spells naturally, not from books.
Your magical power is your life essence.
You have superior vitality. (+4 MHP)
You have a pair of small antennae on your head.
You have a somewhat thin skeletal structure. (Dex +2, Stealth+)
You sometimes lose your temper in combat.
You are dopey. (Int -2)
You passively map a small area around you.
You have hidden genetic defects.


Message History

Unknown command.
Aiming: Fastroot
Press: ? - help, Shift-Dir - straight line, f/p - warg
Aim: a warg (lightly wounded)
The roots erupt in riotous growth!
Roots grab the warg.
The grasping roots constrict the warg.
You hear a shout! x3
The warg struggles to escape constriction.
The grasping roots constrict the warg.
The roots release their grip on the warg.
Aiming: Fastroot
Press: ? - help, Shift-Dir - straight line, f/p - warg
Aim: a warg (heavily wounded)
The roots erupt in riotous growth!
Roots grab the warg.
The now-empty wand crumbles to dust.
You hear the faint creaking of a distant portcullis.
The grasping roots constrict the warg.
The warg struggles to escape constriction.
The warg escapes!
Aiming: Paralyse
Press: ? - help, Shift-Dir - straight line, f/p - warg
Aim: a warg (heavily wounded, chance to affect: 31%)
Okay, then.
Aiming: Bolt of Light
Press: ? - help, Shift-Dir - straight line, f/p - warg
Aim: a warg (heavily wounded, 64% to hit)
The bolt of light hits the warg!
The warg is almost dead.
Aiming: Bolt of Light
Press: ? - help, Shift-Dir - straight line, f/p - warg
Aim: a warg (almost dead, 64% to hit)
The bolt of light misses the warg.
The now-empty wand crumbles to dust.
The warg closely misses you.
Aiming: Throw Flame
Press: ? - help, Shift-Dir - straight line, f/p - warg
Aim: a warg (almost dead, 60% to hit)
The puff of flame misses the warg.
The warg bites you!
You die...

* *,,,* * *,,,* *
*,,.##############
**********,,.##############
,,,,,,,,,,,,.............>#
********#################.#
* #..<..###########.#
***######...........#####.#
,,,.............@...#####.#
***#######.......h..#####.#
,,,............†..)...###.#
***######.#.#'#####)..###.#
,* #.#.#.#####...###.# ,*
#.#.#.#####...###.# ,***
**#+#.#.##......###.#
,,,****,,,..#.##h##...###.#
**,,,**,,,..###...###.###.#


You could see a warg.

Vanquished Creatures
  Maggie (D:7)
  A steam dragon (D:7)
  2 wargs (D:9)
  3 water moccasins
  2 sky beasts
  An ogre (D:7)
  A centaur (D:7)
  A kobold brigand (D:8)
  3 bullfrogs
  A scorpion (D:5)
  4 wights
  A howler monkey (D:4)
  A jelly (D:7)
  3 orc priests
  Terence (D:2)
  5 iguanas
  4 orc wizards
  6 gnolls
  5 adders
  A shadow imp (D:5)
  A white imp (D:6)
  5 ufetubi
  3 worms
  2 dart slugs
  24 orcs
  5 ball pythons
  6 endoplasms
  3 giant cockroaches
  5 hobgoblins
  2 jackals (D:4)
  2 quokkas
  5 bats
  6 frilled lizards
  8 goblins
  14 kobolds
  2 rats
140 creatures vanquished.

Vanquished Creatures (collateral kills)
  A kobold demonologist (D:5)
  4 wights (D:6)
  An orc priest (D:6)
  An orc wizard (D:5)
  A gnoll (D:2)
  4 orcs
  An endoplasm (D:2)
  A hobgoblin (D:3)
  2 ball pythons
  A kobold (D:7)
  A rat (D:3)
18 creatures vanquished.

Vanquished Creatures (others)
  2 orc wizards
  An adder zombie (D:2)
3 creatures vanquished.

Grand Total: 161 creatures vanquished

Notes
Turn   | Place    | Note
-------+----------+-------------------------------------------
     0 | D:1      | cforsyth the Djinni Chaos Knight began the quest for the
                  | Orb.
     0 | D:1      | Reached XP level 1. HP: 20/20 MP: 0/0
    29 | D:1      | Found Pirhuet's Weapon Shoppe.
    61 | D:1      | Reached XP level 2. HP: 25/25 MP: 0/0
   223 | D:1      | Reached skill level 1 in Spellcasting
   223 | D:1      | Reached skill level 1 in Conjurations
   223 | D:1      | Reached skill level 1 in Hexes
   223 | D:1      | Reached skill level 1 in Summonings
   223 | D:1      | Reached skill level 1 in Necromancy
   223 | D:1      | Reached skill level 1 in Translocations
   223 | D:1      | Reached skill level 1 in Transmutations
   223 | D:1      | Reached skill level 1 in Fire Magic
   223 | D:1      | Reached skill level 1 in Ice Magic
   223 | D:1      | Reached skill level 1 in Air Magic
   223 | D:1      | Reached skill level 1 in Earth Magic
   223 | D:1      | Reached skill level 1 in Poison Magic
   244 | D:1      | XOM: divination: detect creatures
   463 | D:1      | Reached XP level 3. HP: 30/30 MP: 0/0
   463 | D:1      | Learned a level 1 spell: Slow
   573 | D:1      | XOM: silly message
   608 | D:2      | XOM: divination: magic mapping
   747 | D:2      | XOM: silly message
   784 | D:2      | Reached XP level 4. HP: 37/37 MP: 0/0
   854 | D:2      | Noticed Terence
   875 | D:2      | Killed Terence
   876 | D:2      | Reached skill level 4 in Fighting
   894 | D:2      | XOM: silly message
  1088 | D:2      | Found a faded altar of an unknown god.
  1432 | D:2      | Reached XP level 5. HP: 41/41 MP: 0/0
  1432 | D:2      | Learned a level 2 spell: Call Imp
  1827 | D:3      | XOM: smoke on damage
  2119 | D:3      | Found a stormy altar of Qazlal.
  2152 | D:3      | Found a hazy altar of Hepliaklqana.
  2207 | D:3      | XOM: 1-stop teleportation journey
  2250 | D:3      | Found an opulent altar of Gozag.
  2953 | D:4      | Found Lutac's Elemental Accessories.
  2975 | D:4      | Reached XP level 6. HP: 34/49 MP: 0/0
  3054 | D:4      | Reached skill level 5 in Fighting
  3092 | D:4      | XOM: confuse monster(s)
  3130 | D:3      | XOM: polymorph cerulean imp -> crimson imp
  3419 | D:4      | Found a shimmering altar of Xom.
  3425 | D:4      | XOM: 2-stop teleportation journey
  3513 | D:4      | Found a staircase to the Ecumenical Temple.
  3526 | D:4      | XOM: give mutation
  3526 | D:4      | Gained mutation: You have a pair of small antennae on your
                  | head. [Xom's mischief]
  3597 | D:4      | Noticed Dowan
  3601 | D:4      | Noticed Duvessa
  3612 | D:4      | XOM: scenery: summon butterflies
  3627 | D:4      | XOM: summons friendly crimson imp
  3631 | D:4      | XOM: blink monster(s)
  3634 | D:4      | Duvessa changed into Duvessa the sky beast
  3634 | D:4      | Noticed Duvessa
  3634 | D:4      | XOM: polymorph Duvessa -> Duvessa the sky beast
  3666 | D:3      | XOM: scenery: 1 doors open, 1 doors close
  3804 | D:4      | Found a shadowy altar of Dithmenos.
  3837 | D:4      | XOM: give mutations
  3837 | D:4      | Gained mutation: You are somewhat resistant to further
                  | mutation. [Xom's grace]
  3837 | D:4      | Gained mutation: You passively map a small area around you.
                  | [Xom's grace]
  3892 | D:5      | Entered Level 5 of the Dungeon
  3898 | D:5      | Noticed a kobold demonologist
  3921 | D:5      | Killed a kobold demonologist
  3922 | D:5      | Reached skill level 6 in Fighting
  3922 | D:5      | Reached XP level 7. HP: 50/56 MP: 0/0
  3922 | D:5      | Learned a level 2 spell: Poisonous Vapours
  4088 | D:5      | XOM: scenery: 2 doors open
  4121 | D:5      | XOM: scenery: 1 doors open, 2 doors close
  4376 | D:5      | XOM: fake destruction
  4830 | D:5      | XOM: divination: detect items
  4835 | D:5      | Reached XP level 8. HP: 55/62 MP: 0/0
  4912 | D:6      | XOM: enchant monster (good)
  5136 | D:6      | XOM: polymorph gnoll -> kobold
  5662 | D:6      | XOM: summons 2 friendly demons
  5664 | D:6      | Reached skill level 7 in Fighting
  5704 | D:6      | XOM: summons friendly shadow imp
  5752 | D:6      | Reached skill level 5 in Spellcasting
  5752 | D:6      | Reached skill level 5 in Conjurations
  5752 | D:6      | Reached skill level 5 in Hexes
  5752 | D:6      | Reached skill level 5 in Summonings
  5752 | D:6      | Reached skill level 5 in Necromancy
  5752 | D:6      | Reached skill level 5 in Translocations
  5752 | D:6      | Reached skill level 5 in Transmutations
  5752 | D:6      | Reached skill level 5 in Fire Magic
  5752 | D:6      | Reached skill level 5 in Ice Magic
  5752 | D:6      | Reached skill level 5 in Air Magic
  5752 | D:6      | Reached skill level 5 in Earth Magic
  5752 | D:6      | Reached skill level 5 in Poison Magic
  5874 | D:6      | XOM: god gift: hand axe {god gift}
  5991 | D:6      | Found Unaefeta's Jewellery Shoppe.
  6352 | D:6      | XOM: stat loss: -1 Int (15/16)
  6354 | D:6      | XOM: potion effect (heal wounds)
  6362 | D:6      | XOM: polymorph cerulean imp -> crimson imp
  6372 | D:6      | Reached skill level 8 in Fighting
  6372 | D:6      | Reached XP level 9. HP: 21/70 MP: 0/0
  6372 | D:6      | Learned a level 3 spell: Dazzling Flash
  6535 | D:6      | XOM: 3-stop teleportation journey
  6789 | D:5      | XOM: divination: magic mapping
  7477 | D:7      | XOM: scenery: summon butterflies
  7504 | D:7      | Noticed a two-headed ogre
  7508 | D:7      | Found a runed translucent gate.
  7508 | D:7      | Found a runed translucent gate.
  7508 | D:7      | Noticed Battleaxe07's ghost (novice TrGl)
  7511 | D:7      | Noticed a manticore
  7519 | D:7      | Found a runed translucent gate.
  7845 | D:7      | XOM: 3-stop teleportation journey
  7918 | D:7      | Found Zigham's Antique Weapon Boutique.
  7970 | D:7      | XOM: give mutations
  7970 | D:7      | Gained mutation: You sometimes lose your temper in combat.
                  | [Xom's mischief]
  7970 | D:7      | Gained mutation: You are dopey. (Int -2) [Xom's mischief]
  7970 | D:7      | Gained mutation: You are somewhat resistant to both further
                  | mutation and mutation removal. [Xom's mischief]
  7970 | D:7      | Lost mutation: You are somewhat resistant to both further
                  | mutation and mutation removal. [Xom's mischief]
  7991 | D:7      | XOM: give mutations
  7991 | D:7      | Lost mutation: You are dopey. (Int -2) [Xom's mischief]
  7991 | D:7      | Gained mutation: You occasionally lose the ability to read
                  | scrolls when taking damage. [Xom's mischief]
  8296 | D:7      | XOM: smoke on damage
  8302 | D:7      | Reached skill level 9 in Fighting
  8604 | D:3      | Fell from the grace of Xom
  8604 | D:3      | Became a worshipper of Hepliaklqana the Forgotten
  9624 | D:8      | Noticed Maggie
  9856 | D:7      | Killed Maggie
  9956 | D:7      | XOM: give mutations
  9956 | D:7      | Lost mutation: You are somewhat resistant to further
                  | mutation. [Xom's mischief]
  9956 | D:7      | Lost mutation: You occasionally lose the ability to read
                  | scrolls when taking damage. [Xom's mischief]
  9956 | D:7      | Gained mutation: You have hidden genetic defects. [Xom's
                  | mischief]
  9956 | D:7      | Gained mutation: You have a somewhat thin skeletal
                  | structure. (Dex +2, Stealth+) [Xom's mischief]
 10036 | D:8      | Noticed Gastronok
 10178 | D:8      | Found a bloodstained altar of Trog.
 10238 | D:8      | XOM: scenery: summon butterflies
 10432 | D:9      | Reached XP level 10. HP: 27/80 MP: 0/0
 10454 | D:9      | HP: 4/80 [warg (6)]
 10465 | D:9      | Reached skill level 10 in Fighting
 10470 | D:9      | Gained mutation: You are dopey. (Int -2) [hidden defects]
 10476 | D:9      | Slain by a warg

Illustrated notes

Levels and vault maps discovered:
D:1:      scummos_arrival_hexagon, layout_loops_ring, serial_shops, shop
D:2:      layout_loops_corners, chequers_ecumenical_altar_simple,
          minmay_pentomino_z2, uniq_terence
D:3:      minmay_angry_zag, layout_basic, mainiacjoe_overflow_24_doors,
          mainiacjoe_overflow_small_starburst, grunt_qazlal_sundering,
          minmay_cut_off
D:4:      layout_rooms, lemuel_blue_sif_altar, lemuel_doored_altar,
          nicolae_dithmenos_the_darkroom, lemuel_temple_firewalk_b,
          nicolae_elemental_shop, uniq_duvessa
D:5:      layout_gridville, nrook_loot_triangle, grunt_ministairs_8,
          amethyst_killhole, chequers_serial_rivers_small_a
D:6:      layout_basic, kiku_gazebo_pond_becter, serial_shops, shop
D:7:      wad_pebble_path, layout_basic, gammafunk_ghost_split, serial_shops,
          nicolae_shop_tiny_real_fake_doors
D:8:      layout_cave_pools, trog_book, uniq_maggie, uniq_gastronok
D:9:      layout_basic, minitemple, erik_lair_orcish_takeover,
          david_orc_1_choice, enter_bailey_2, nicolae_shop_gadgets

Skill      XL: |  1  2  3  4  5  6  7  8  9 10 |
---------------+-------------------------------+-----
Spellcasting   | 1 2 3 4 5 6 7 |  7.0
Conjurations   | 1 2 3 4 5 6 7 |  7.0
Hexes          | 1 2 3 4 5 6 7 |  7.0
Summonings     | 1 2 3 4 5 6 7 |  7.0
Necromancy     | 1 2 3 4 5 6 7 |  7.0
Translocations | 1 2 3 4 5 6 7 |  7.0
Transmutations | 1 2 3 4 5 6 7 |  7.0
Fire Magic     | 1 2 3 4 5 6 7 |  7.0
Ice Magic      | 1 2 3 4 5 6 7 |  7.0
Air Magic      | 1 2 3 4 5 6 7 |  7.0
Earth Magic    | 1 2 3 4 5 6 7 |  7.0
Poison Magic   | 1 2 3 4 5 6 7 |  7.0
Fighting       | 4 6 8 9 10 | 10.0
Long Blades    | |  2.6
Armour         | |  1.0
Dodging        | |  2.1

Action                     |  1- 3 |  4- 6 |  7- 9 | 10-12 || total
---------------------------+-------+-------+-------+-------++-------
  Melee: Falchion          |    71 |   153 |    73 |       ||   297
         Punch             |     1 |     2 |     3 |       ||     6
         Short sword       |       |       |    37 |       ||    37
         Halberd           |       |       |     1 |       ||     1
         Spear             |       |       |   147 |     1 ||   148
   Cast: Slow              |     1 |    20 |     1 |       ||    22
         Call Imp          |       |    17 |    32 |     1 ||    50
         Poisonous Vapours |       |       |   103 |       ||   103
  Evoke: Wand              |       |       |     3 |    12 ||    15
    Use: Scroll            |       |     1 |     4 |     4 ||     9
         Potion            |       |       |     6 |       ||     6
   Stab: Sleeping          |       |     5 |     2 |       ||     7
         Distracted        |       |     1 |     4 |       ||     5
 Armour: Leather armour    |    38 |    78 |   217 |     7 ||   340
  Dodge: Dodged            |    49 |    86 |   183 |     3 ||   321

Table legend: (Time is in decaauts)
 A = Elapsed time spent in this place.
 B = Non-inter-level travel time spent in this place.
 C = Inter-level travel time spent in this place.
 D = Time resting spent in this place.
 E = Time spent auto-exploring this place.
 F = Levels seen in this place.
 G = Mean time per level.
                   A        B        C        D        E       F      G
               +--------+--------+--------+--------+--------+-----+--------+
         Total |  10556 |  10211 |    345 |   1639 |   6552 |   9 | 1172.9 |
       Dungeon |  10556 |  10211 |    345 |   1639 |   6552 |   9 | 1172.9 |
               +--------+--------+--------+--------+--------+-----+--------+

Top non-repeatable levels by time:
     D:7: 2216 daAuts
     D:5: 1696 daAuts
     D:6: 1684 daAuts
     D:2: 1427 daAuts
     D:3: 1398 daAuts
     D:4: 790 daAuts
     D:8: 624 daAuts
     D:1: 617 daAuts
     D:9: 102 daAuts
